Map: Ulaan Deeps

Players

A.I. 4 (Hard)

  • Race: Zerg Zerg
  • Spawn Location: 11:00

A.I. 3 (Hard)

  • Race: Protoss Protoss
  • Spawn Location: 7:00

FroGGe - Winner!

  • Race: Zerg Zerg
  • Spawn Location: 1:00

Lunarbears - Winner!

  • Race: Terran Terran
  • Spawn Location: 5:00

larsgj - Winner!

  • Race: Terran Terran
  • Spawn Location: 3:00

VOD

Have the link to the VOD?

Description

Time

  • Played on: May 9, 2020, 5:29 p.m.
  • Length: 13:24
Show
View Real Time Build Order
Export as new Build Order

A.I. 4 (Hard) Zerg 

Build Orders: 1 Base Baneling Bust, Pool Only 

Get SALT Encoding   

  12  0:01  Drone  
  13  0:12  Overlord  
  13  0:16  Drone  
  15  0:21  Drone  
  15  0:25  Drone  
  16  0:42  Spawning Pool  
  15  0:45  Drone  
  15  0:48  Drone  
  17  0:51  Extractor  
  17  0:55  Drone  
  17  1:06  Overlord  
  17  1:29  Queen  
  17  1:31  Zergling x2  
  20  1:35  Roach Warren  
  20  1:37  Zergling x2  
  20  1:38  Drone  
  21  1:40  Extractor  
  20  1:49  Drone  
  21  1:59  Drone  
  22  2:14  Drone  
  23  2:21  Roach  
  25  2:32  Drone  
  25  2:35  Roach  
  28  2:41  Roach  
  30  2:47  Roach, Drone  
  33  2:54  Drone  
  34  3:04  Baneling Nest  
  34  3:05  Drone  
  34  3:07  Roach, Drone  
  34  3:10  Drone  
  38  3:16  Drone  
  39  3:25  Evolution Chamber  
  38  3:27  Roach  
  40  3:38  Roach  
  40  3:41  Drone  
  43  3:42  Drone  
  43  3:44  Roach  
  46  4:47  Drone, Zergling x2, Lair, Zerg Melee Weapons Level 1  
  46  4:49  Drone, Evolution Chamber  
  46  4:50  Drone  
  48  5:00  Zergling x2  
  48  5:06  Zergling x2  
  50  5:13  Zergling x2, Baneling  
  51  5:14  Zerg Ground Armor Level 1  
  51  5:35  Drone, Spore Crawler  
  51  5:42  Drone, Spore Crawler  
  51  5:47  Metabolic Boost  
  51  5:49  Spire  
  51  5:50  Drone  
  51  5:54  Queen  
  53  6:06  Spine Crawler  
  53  6:07  Drone, Zergling x2  
  53  6:09  Drone, Spine Crawler  
  53  6:13  Zergling x2  
  54  6:20  Baneling  
  54  6:30  Burrow  
  54  6:42  Zerg Missile Weapons Level 1  
  54  7:01  Mutalisk  
  54  7:08  Mutalisk  
  58  7:14  Mutalisk  
  60  7:16  Overseer  
  60  7:20  Mutalisk  
  62  7:25  Overseer  
  62  7:27  Mutalisk  
  64  7:33  Mutalisk  
  66  7:46  Drone, Hydralisk Den  
  66  7:59  Roach x2  
  66  8:05  Infestation Pit  
  65  8:06  Drone  
  65  8:07  Zergling x2  
  55  8:13  Zergling x2  
  40  8:20  Zergling x2  
  40  8:27  Zergling x2  
  42  8:33  Zergling x2  
  43  8:39  Mutalisk  
  45  8:49  Baneling x2  
  45  9:08  Hive  
  45  10:21  Hydralisk  
  45  10:23  Drone, Ultralisk Cavern  
  39  10:40  Zergling x2  
  35  10:45  Overseer  
  34  10:50  Zergling x2  
  34  10:52  Queen  
  34  10:53  Roach  
  35  10:57  Zergling x2  
  35  11:01  Roach  
  36  11:04  Zergling x2  
  36  11:06  Overlord  
  36  11:08  Roach  
  38  11:11  Zergling x2  
  38  11:15  Zergling x2  
  37  11:19  Zergling x2  
  37  11:20  Evolution Chamber  
  37  11:21  Drone  
  37  11:22  Drone, Spore Crawler, Zergling x2  
  39  11:29  Drone, Roach Warren  
  39  11:31  Zergling x2  
Show
View Real Time Build Order
Export as new Build Order

A.I. 3 (Hard) Protoss 

Build Orders:  

Get SALT Encoding   

  12  0:01  Probe  
  13  0:13  Probe  
  14  0:21  Pylon  
  14  0:25  Probe  
  15  0:34  Probe  
  15  0:42  Probe  
  16  0:47  Assimilator  
  17  0:51  Probe, Gateway  
  18  0:59  Probe, Pylon  
  19  1:19  Probe  
  20  1:38  Zealot  
  22  1:41  Cybernetics Core  
  22  1:44  Gateway  
  22  1:46  Assimilator  
  22  1:58  Zealot  
  24  2:10  Warp Gate  
  24  2:22  Stalker  
  26  2:31  Stalker  
  28  2:38  Probe  
  29  2:50  Probe  
  30  2:52  Adept  
  32  3:00  Forge  
  32  3:01  Stalker  
  32  3:02  Probe  
  35  3:14  Probe  
  36  3:22  Stalker  
  36  3:26  Probe  
  39  3:31  Stalker  
  41  3:38  Probe  
  42  4:53  Protoss Ground Weapons Level 1  
  42  4:56  Probe, Sentry  
  42  4:58  Pylon  
  44  5:01  Robotics Facility  
  44  5:04  Gateway, Stalker  
  46  5:08  Photon Cannon  
  46  5:09  Probe  
  46  5:11  Photon Cannon  
  46  5:12  Forge  
  46  5:13  Sentry  
  49  5:21  Probe  
  50  5:27  Adept  
  52  5:33  Twilight Council  
  52  5:37  Zealot  
  52  5:42  Protoss Ground Armor Level 1  
  40  5:48  Zealot  
  42  5:51  Observer  
  43  5:59  Stalker  
  45  6:08  Stalker  
  45  6:10  Blink  
  47  6:12  Observer  
  47  6:18  Stalker  
  50  6:27  Stalker  
  52  6:36  Adept  
  54  7:04  Stargate  
  54  8:27  Stalker x2  
  54  8:33  Stalker x2  
  54  8:42  Adept, Warp Prism  
  54  8:47  Zealot, Gateway  
  60  8:53  Adept  
  62  8:57  Protoss Ground Weapons Level 2  
  62  8:59  Adept  
  64  9:07  Adept  
  66  9:16  Observer  
  67  9:28  Protoss Ground Armor Level 2  
  67  9:29  Immortal  
  71  9:50  Zealot  
  71  10:08  Warp Prism  
  73  10:44  Immortal  
  77  11:14  Adept  
  61  11:20  Zealot  
  61  11:23  Warp Prism  
  45  11:26  Adept  
  45  11:32  Zealot  
  48  11:37  Zealot  
  50  11:43  Adept  
  52  11:49  Stalker  
  54  11:55  Stalker  
  54  11:59  Observer  
  57  12:01  Adept  
  57  12:07  Adept  
  61  12:13  Adept  
  63  12:18  Stalker  
  65  12:24  Stalker  
  67  12:30  Sentry  
  67  12:39  Zealot  
  69  12:47  Zealot  
  69  12:50  Zealot  
  57  12:54  Zealot  
  49  13:01  Probe  
  49  13:02  Pylon  
Show
View Real Time Build Order
Export as new Build Order

FroGGe Zerg - Winner!

Build Orders: Pool First 

Get SALT Encoding   

  12  0:03  Drone  
  13  0:24  Drone x3  
  16  0:45  Spawning Pool  
  15  0:58  Drone x3  
  15  0:59  Extractor  
  17  1:26  Hatchery  
  16  1:35  Zergling x2  
  16  1:36  Zergling x2  
  16  1:37  Zergling x2  
  19  1:46  Queen  
  21  1:59  Drone x2  
  23  2:19  Evolution Chamber  
  22  2:29  Drone x2  
  24  2:39  Extractor  
  23  2:45  Drone  
  23  2:46  Drone x2  
  26  2:51  Queen  
  26  2:54  Lair  
  26  2:58  Zergling x10  
  33  3:31  Zergling x8  
  33  3:32  Zergling x4  
  39  4:13  Queen  
  39  4:14  Queen  
  39  4:15  Hydralisk Den  
  42  4:31  Drone x6  
  48  4:39  Extractor  
  48  4:42  Extractor  
  46  4:48  Drone x4  
  46  4:49  Drone x2  
  52  4:53  Drone  
  52  4:54  Drone  
  54  5:16  Hydralisk x3  
  54  5:17  Hydralisk  
  62  5:31  Zerg Melee Weapons Level 1  
  48  5:56  Hydralisk x3  
  48  5:57  Hydralisk x3  
  60  6:24  Hydralisk x3  
  66  6:44  Muscular Augments  
  66  7:16  Hydralisk x3  
  66  7:17  Hydralisk  
  74  7:46  Zerg Missile Weapons Level 1  
  74  7:55  Grooved Spines  
  74  7:58  Hatchery  
  73  8:04  Drone x6  
  69  8:36  Drone x2  
  71  8:44  Hydralisk x3  
  71  8:45  Hydralisk  
  79  9:07  Infestation Pit  
  78  9:18  Drone  
  79  9:26  Hydralisk x6  
  79  9:27  Hydralisk  
  93  9:41  Zerg Ground Armor Level 1  
  93  9:46  Queen  
  95  9:55  Hydralisk x5  
  95  9:56  Hydralisk  
  107  10:06  Drone  
  108  10:14  Drone  
  108  10:15  Drone  
  110  10:56  Hydralisk x7  
  110  10:57  Hydralisk x6  
  120  11:00  Drone  
  133  11:49  Hydralisk  
  133  11:50  Hydralisk x3  
  139  12:09  Hydralisk x4  
Show
View Real Time Build Order
Export as new Build Order

Lunarbears Terran - Winner!

Build Orders: 2 Factory 

Get SALT Encoding   

  12  0:03  SCV  
  13  0:22  SCV  
  14  0:34  SCV  
  15  0:41  Refinery  
  15  0:46  SCV  
  16  0:50  Refinery  
  16  0:58  SCV  
  16  1:03  Supply Depot  
  17  1:11  SCV  
  18  1:23  SCV  
  19  1:30  Barracks  
  19  1:35  SCV  
  20  1:47  SCV  
  21  1:59  SCV  
  22  2:04  Barracks  
  22  2:11  SCV  
  23  2:23  SCV  
  24  2:30  Barracks Reactor  
  24  2:40  Factory  
  24  2:56  Bunker  
  24  2:59  Barracks Reactor  
  24  3:12  Factory  
  24  3:24  Command Center  
  24  3:26  Marine x2  
  26  3:36  Bunker  
  26  3:39  Marine x2  
  28  3:44  Marine x2  
  30  3:50  Starport  
  30  3:52  SCV  
  31  4:04  SCV  
  32  4:15  Bunker  
  32  4:16  SCV  
  33  4:24  Marine x2  
  33  4:28  Marine x2  
  37  4:42  Marine  
  37  4:45  Marine, Factory Tech Lab  
  38  4:46  Marine  
  38  4:47  Factory Tech Lab  
  38  4:52  Starport Tech Lab  
  40  5:18  Engineering Bay  
  40  6:14  Missile Turret  
  40  6:33  Terran Infantry Weapons Level 1  
  40  6:35  Sensor Tower  
  43  6:40  Siege Tank  
  43  6:55  SCV  
  44  7:08  SCV  
  45  7:20  SCV  
  46  7:27  Fusion Core  
  46  7:32  SCV  
  48  7:44  SCV  
  48  7:51  Refinery  
  48  8:27  Terran Infantry Armor Level 1  
  48  8:41  Battlecruiser  
  54  8:42  Armory  
  54  8:55  SCV  
  54  9:02  Orbital Command  
  55  9:08  SCV  
  56  9:15  Marine x2  
  56  9:16  Marine x2  
  60  9:20  SCV  
  61  9:32  Marine x2  
  61  9:34  Marine x2  
  65  9:41  Refinery  
  65  9:45  Battlecruiser  
  71  9:50  Marine x2  
  71  9:51  Marine x2  
  75  10:08  Marine  
  75  10:13  Marine x3  
  79  10:20  SCV  
  80  10:26  Marine  
  81  10:31  Marine x3  
  81  10:32  SCV  
  85  10:44  Marine  
  85  10:48  Marine x2  
  85  10:49  Medivac  
  90  11:19  Medivac  
  92  11:46  Thor  
  98  12:29  Thor  
  110  12:51  Marine x2  
  110  12:52  Marine x2  
Show
View Real Time Build Order
Export as new Build Order

larsgj Terran - Winner!

Build Orders:  

Get SALT Encoding   

  12  0:03  SCV  
  13  0:30  SCV  
  15  0:42  SCV  
  15  0:44  Supply Depot  
  15  0:54  SCV  
  16  1:07  SCV  
  17  1:14  Barracks  
  17  1:19  SCV  
  18  1:31  SCV  
  19  1:42  Barracks  
  19  1:43  SCV  
  20  1:51  Refinery  
  20  1:55  SCV, Refinery  
  21  2:07  SCV  
  22  2:19  SCV  
  23  2:23  Marine  
  23  2:24  Command Center  
  23  2:29  Marine  
  25  2:31  SCV  
  26  2:41  Marine  
  26  2:43  SCV  
  28  2:47  Marine  
  29  2:55  SCV  
  30  2:58  Marine  
  30  3:05  Marine  
  32  3:16  Marine  
  33  3:23  Marine  
  34  3:33  Bunker  
  34  3:34  Marine  
  35  3:49  Barracks Tech Lab  
  35  4:06  Bunker  
  35  4:38  Refinery  
  35  4:46  Bunker  
  35  4:52  Marine  
  36  4:53  Marine  
  36  4:56  SCV  
  38  5:10  Marine  
  38  5:11  Marine  
  37  5:28  Marine  
  35  5:49  Bunker  
  35  5:50  Marine x2  
  37  6:06  SCV  
  37  6:08  Marine x2  
  40  6:18  SCV  
  41  6:30  SCV  
  42  6:41  Factory  
  42  6:43  SCV  
  43  6:55  SCV  
  44  7:06  Engineering Bay  
  44  7:07  Marine x2  
  46  7:25  Marine x2  
  46  7:29  Starport  
  48  7:43  Marine x2, Command Center  
  50  8:00  Marine  
  50  8:01  Marine  
  52  8:09  Bunker  
  52  8:18  Marine  
  52  8:19  Marine  
  54  8:21  Starport Tech Lab  
  54  8:31  Fusion Core  
  54  8:34  Armory  
  54  8:54  Refinery  
  54  9:20  Starport  
  54  9:21  Battlecruiser  
  60  9:38  Missile Turret  
  60  9:54  Orbital Command  
  60  9:59  Starport Tech Lab  
  60  10:01  Missile Turret  
  60  10:04  Orbital Command  
  60  10:19  Battlecruiser  
  66  10:25  Battlecruiser  
  72  10:39  SCV  
  73  10:48  Weapon Refit  
  73  10:51  Terran Ship Weapons Level 1, SCV  
  74  11:03  SCV  
  75  11:15  SCV  
  76  11:36  Battlecruiser  
  82  11:44  Battlecruiser  
  88  11:50  SCV  
  89  12:02  SCV  
  90  12:14  SCV  
  91  12:26  SCV  
  92  12:39  SCV  
Tags
 
Add a new tag
Caveats
  • Supply blocks, unpowered buildings, or Contaminate may cause inaccurate times.
  • Supply counts are checked every 10 seconds.